 Dungeon Crawl Stone Soup version 0.28.0-49-g6dfe1f597d (webtiles) character file.

Game seed: 17529277198689441088

133 Peloso the Slasher (level 4, -7/61 HPs)
             Began as a Minotaur Fighter on May 14, 2022.
             Succumbed to Ijyb's poison
             ... on level 3 of the Dungeon.
             The game lasted 00:03:06 (2150 turns).

Peloso the Slasher (Minotaur Fighter)               Turns: 2150, Time: 00:03:06

Health: -7/61      AC: 22    Str: 18 (20) XL:     4   Next: 94%
Magic:  3/3        EV:  2    Int:  4 (5)  God:
Gold:   82         SH:  4    Dex: 11 (12) Spells: 3/3 levels left

rFire   . . .      SeeInvis .   a - +0 long sword
rCold   . . .      Faith    .   c - +0 buckler
rNeg    . . .      Spirit   .   (armour currently unavailable)
rPois   +          Reflect  .   (helmet currently unavailable)
rElec   .          Harm     .   (cloak currently unavailable)
rCorr   .          Rampage  .   (gloves currently unavailable)
Will    .....      NoTele   +   (boots currently unavailable)
Stlth   +.........              (no amulet)
HPRegen 0.20/turn               (no ring)
MPRegen 0.08/turn               (no ring)

@: lethally poisoned (-7 -> -37), tree-form
A: stationary, stasis, torment immunity, boosted hp, (horns 2), (retaliatory
headbutt)
a: no special abilities


You were on level 3 of the Dungeon.
You were a tree.
You visited 1 branch of the dungeon, and saw 3 of its levels.

You collected 110 gold pieces.
You spent 28 gold pieces at shops.

Inventory:

Hand Weapons
 a - a +0 long sword (weapon)
Armour
 b - a +0 scale mail (melded)
 c - a +0 buckler (worn)
Jewellery
 e - an amulet of guardian spirit
Wands
 f - a wand of polymorph (6)
 h - a wand of flame (16)
Scrolls
 g - a scroll of silence {unknown}
 i - 2 scrolls of teleportation {unknown}
 j - a scroll of enchant weapon
 k - a scroll of identify
Potions
 d - 2 potions of might


   Skills:
 + Level 4.3 Fighting
 + Level 4.6 Long Blades
 + Level 4.3 Armour
 + Level 0.2 Dodging
 + Level 4.3 Shields


You had 3 spell levels left.
You didn't know any spells.
Your spell library contained the following spells:

 Spells                   Type           Power      Damage    Failure   Level
 Static Discharge         Conj/Air       0%         N/A       73%         2
 Lightning Bolt           Conj/Air       0%         1d11      100%        5
 Maxwell's Capacitive Co  Air            0%         ∞         100%        8


Dungeon Overview and Level Annotations

Branches:
Dungeon (3/15)

Altars:

Shops:
D:2 ?

Annotations:
D:2 1 runed translucent door, Crazy Yiuf
D:3 Ijyb, Jessica


Innate Abilities, Weirdness & Mutations

You are a tree.
Your roots penetrate the ground, keeping you stationary.
You cannot be teleported.
You are immune to unholy pain and torment.
Your maximum health is greatly increased.
Your equipment is partially melded.
((You have a pair of horns on your head.))
((You reflexively headbutt those who attack you in melee.))


Message History

You feel sick. Jessica gestures at you while chanting.
Pain shoots through your body!
Ijyb drinks a potion.
Ijyb is healed!
You barely miss Ijyb.
Ijyb is moderately wounded.
You feel sick.
Jessica hits you with a +1 spectral club.
Ijyb hits you but does no damage.
You are more poisoned.
Jessica hits you with a +1 spectral club.
You hit Ijyb. Your headbutt misses Ijyb.
Ijyb is moderately wounded.
You feel very sick.
Ijyb zaps a wand.
You suddenly lose the ability to move!
Jessica barely misses you. Ijyb hits you but does no damage.
You are lethally poisoned!
You feel very sick.
Jessica hits you with a +1 spectral club.
* * * LOW HITPOINT WARNING * * *
Ijyb hits you but does no damage.
You are more poisoned.
You can move again.
It was a potion of lignification.
You turn into a tree.
Your +0 scale mail melds into your body.
Your roots penetrate the ground.
* * * LOW HITPOINT WARNING * * *
You feel very sick. Jessica hits you but does no damage.
Ijyb hits you but does no damage.
You are more poisoned.
It was a potion of flight.
Your roots keep you in place.
* * * LOW HITPOINT WARNING * * *
You feel very sick.
Jessica grins evilly.
Jessica hits you but does no damage.
Ijyb hits you with a +0 dagger of venom.
* * * LOW HITPOINT WARNING * * *
You are more poisoned.
You slash Ijyb!
Ijyb is almost dead.
You die...

###########
#.........######
##..............#
...........####.#
.............#.#
.##......##.#.#
#.........#.#
##########.........#.#
......g♣......>......#
......@?.#########.#####
.........#########......
⌠........##.........####
..#######..............#
. #............#.#
#............# #
#............#
#......#†....#


You could see Ijyb and Jessica.

Vanquished Creatures
  Natasha (D:3)
  Terence (D:2)
  Robin (D:1)
  A gnoll (D:1)
  2 adders
  A worm (D:2)
  A dart slug (D:1)
  An orc (D:2)
  4 endoplasms
  13 goblins
  5 hobgoblins
  3 bats
  A frilled lizard (D:1)
  3 kobolds
  3 rats (D:1)
41 creatures vanquished.

Notes
Turn   | Place    | Note
-------+----------+-------------------------------------------
     0 | D:1      | Peloso the Minotaur Fighter began the quest for the Orb.
     0 | D:1      | Reached XP level 1. HP: 19/19 MP: 0/0
   180 | D:1      | Reached XP level 2. HP: 27/27 MP: 1/1
   666 | D:1      | Reached XP level 3. HP: 33/33 MP: 2/2
  1024 | D:2      | Noticed Robin
  1090 | D:1      | Killed Robin
  1250 | D:2      | Reached XP level 4. HP: 40/40 MP: 3/3
  1429 | D:2      | Noticed Terence
  1434 | D:2      | Killed Terence
  1459 | D:2      | Found Woallau's Magic Scroll Shop.
  1468 | D:2      | Bought a scroll of identify for 28 gold pieces
  1706 | D:2      | Found a runed translucent door.
  1709 | D:2      | Noticed Crazy Yiuf
  2072 | D:3      | Noticed Natasha
  2077 | D:3      | Killed Natasha
  2136 | D:3      | Noticed Ijyb
  2137 | D:3      | Noticed Jessica
  2146 | D:3      | Paralysed by Ijyb for 2 turns
  2149 | D:3      | HP: 1/61 [Ijyb/+0 dagger of venom (5)]
  2150 | D:3      | Succumbed to Ijyb's poison

Illustrated notes

Levels and vault maps discovered:
D:1:      roderic_dead_forest, layout_loops_ring, minmay_misc_feat_ornament,
          nrook_loot_triangle
D:2:      layout_basic, serial_shops, nicolae_shop_crystal,
          kennysheep_generic_room_6, uniq_terence, uniq_crazy_yiuf_cottage,
          uniq_robin
D:3:      layout_basic, hellmonk_ecumenical_altar_run_dry, minmay_rat_hole,
          uniq_jessica, uniq_ijyb, uniq_natasha

Skill      XL: |  1  2  3  4 |
---------------+-------------+-----
Fighting       | 4 |  4.3
Long Blades    | 3 4 |  4.6
Armour         | 4 |  4.3
Shields        | 4 |  4.3
Dodging        | |  0.2

Action                   |  1- 3 |  4- 6 || total
-------------------------+-------+-------++-------
Melee: Long sword        |    59 |    31 ||    90
       Headbutt          |    13 |     4 ||    17
       Unarmed           |     2 |       ||     2
  Use: Scroll            |     3 |       ||     3
       Potion            |     2 |     2 ||     4
Armor: Scale mail        |    33 |    19 ||    52
       Skin              |       |     3 ||     3
Dodge: Dodged            |    27 |    17 ||    44
Block: Buckler           |    20 |     5 ||    25
